 Dungeon Crawl Stone Soup version 0.31.0-1-g2c135a0 (webtiles) character file.

Game seed: 6365656797614244484

18025 Kel the Basher (level 12, -3/81 HPs)
             Began as a Gargoyle Berserker on Feb 9, 2024.
             Was a High Priest of Trog.
             Slain by a very large slime creature (13 damage)
             ... on level 12 of the Dungeon.
             The game lasted 00:35:35 (10903 turns).

Kel the Basher (Gargoyle Berserker)                Turns: 10903, Time: 00:35:35

Health: -3/81      AC: 30    Str: 26    XL:     12   Next: 54%
Magic:  12/12      EV:  9    Int:  8    God:    Trog [*****.]
Gold:   1917       SH:  5    Dex: 15    Spells: 11/11 levels left

rFire   . . .        F - +4 morningstar
rCold   . . .        y - +0 buckler
rNeg    + . .        r - +1 plate armour
rPois   ∞            D - +2 helmet {SInv}
rElec   +            p - +0 cloak
rCorr   +            t - +0 pair of gloves
SInv    +            (no boots)
Will    .....        a - amulet of regeneration Stlth
                     e - +6 ring of dexterity
HPRegen 1.13/turn    q - ring "Idwukyep" {Fly rCorr SInv}
MPRegen 0.13/turn

%: no passive effects
@: on berserk cooldown, flying
A: sickness immunity, AC +8, negative energy resistance 1, electricity
resistance, torment resistance 1, petrification resistance
a: Renounce Religion, Berserk, Trog's Hand, Brothers in Arms


You were on level 12 of the Dungeon.
You worshipped Trog.
Trog was extremely pleased with you.
You visited 1 branch of the dungeon, and saw 12 of its levels.
You also visited: Bailey.

You collected 1917 gold pieces.

Inventory:

Hand Weapons
 f - the +3 hand axe of Epires {elec, rElec rC++ Will+ Str-4}
   (You found it on level 7 of the Dungeon)

   Str-4:     It affects your strength (-4).
   rC++:      It greatly protects you from cold.
   rElec:     It insulates you from electricity.
   Will+:     It increases your willpower.
 F - a +4 morningstar (weapon)
 M - a +3 great mace
Missiles
 v - 2 throwing nets (quivered)
Armour
 p - a +0 cloak (worn)
 r - a +1 plate armour (worn)
 t - a +0 pair of gloves (worn)
 y - a +0 buckler (worn)
 D - a +2 helmet of see invisible (worn)
Jewellery
 a - an amulet of regeneration (around neck)
 e - a +6 ring of dexterity (left hand)
 q - the ring "Idwukyep" (right hand) {Fly rCorr SInv}
   (You found it on level 4 of the Dungeon)

   [ring of see invisible]

   SInv:      It lets you see invisible.
   Fly:       It grants you flight.
   rCorr:     It protects you from acid and corrosion.
 G - a ring of protection from fire
 L - a ring of resist corrosion
Wands
 s - a wand of acid (5)
 I - a wand of roots (10)
Scrolls
 b - a scroll of fog
 g - 2 scrolls of enchant armour
 h - a scroll of poison {unknown}
 i - a scroll of immolation {unknown}
 m - 2 scrolls of vulnerability {unknown}
 n - 2 scrolls of amnesia {unknown}
 o - 4 scrolls of teleportation {unknown}
 u - a scroll of silence {unknown}
 B - 3 scrolls of noise {unknown}
 H - a scroll of fear {unknown}
 K - 2 scrolls of identify
Potions
 c - 2 potions of heal wounds
 d - a potion of might
 k - a potion of berserk rage
 l - 3 potions of attraction
 w - 2 potions of invisibility
 x - a potion of cancellation
 z - 2 potions of curing {unknown}
 A - 2 potions of brilliance {unknown}
 C - 3 potions of lignification {unknown}
 E - a potion of enlightenment {unknown}
 J - 2 potions of resistance {unknown}


   Skills:
 - Level 12.0 Fighting
 - Level 12.5 Maces & Flails
 - Level 10.4 Armour
 * Level 4.3 Dodging
 * Level 5.7 Stealth
 * Level 5.1 Shields


You had 11 spell levels left.
You didn't know any spells.
Your spell library was empty.

Dungeon Overview and Level Annotations

Branches:
Dungeon (12/15)            Temple (0/1) D:4            Lair (0/5) D:9
    Orc (0/2) D:9          Bailey (visited)

Altars:
Ashenzari
Cheibriados
Fedhas
Makhleb
Nemelex Xobeh
Okawaru
Ru
Uskayaw
Vehumet
Wu Jian
Yredelemnul

Annotations:
D:3 3 runed translucent doors, geeeeen's ghost, amateur GrFE


Innate Abilities, Weirdness & Mutations

You are immune to sickness and miasma.
Your stone body is resilient. (AC +8)
You are immune to poison.
You resist negative energy. (rN+)
You are resistant to electric shocks. (rElec)
You are resistant to unholy torment.
You are immune to petrification.


Message History

You feel yourself speed up. The very large slime creature hits you.
You thump the very large slime creature!
The very large slime creature is lightly wounded.
You puncture the very large slime creature!
The very large slime creature is lightly wounded.
A very large slime creature splits.
You puncture the slime creature!
The slime creature is moderately wounded.
The large slime creature hits you!
You hit the slime creature.
The slime creature is heavily wounded.
The slime creature hits you.
The large slime creature hits you but does no damage.
You puncture the large slime creature!
The large slime creature is moderately wounded.
The slime creature misses you.
Two slime creatures merge to form a very large slime creature.
You hit the very large slime creature.
The very large slime creature is moderately wounded.
The slime creature hits you but does no damage.
The very large slime creature barely misses you.
You barely miss the very large slime creature.
The very large slime creature is moderately wounded.
The slime creature hits you but does no damage.
The very large slime creature hits you.
You hit the very large slime creature.
The very large slime creature is moderately wounded.
The slime creature hits you.
The very large slime creature hits you!!!
Ouch! That really hurt!
* * * LOW HITPOINT WARNING * * *
You hear a shout! x2
As you read the scroll of fog, it dissolves into smoke.
The slime creature barely misses you.
The very large slime creature hits you but does no damage.
You block the slime creature's attack.
The very large slime creature attacks as it pursues you!
The very large slime creature hits you!
You die...

..#.§§#J§§# .# #........#
#..§#§§.#.# #...#. .#......#
#J§§#§.J# ... ... .......#
#J#§#.#J#####.#.#.#.#.#......#
.. #§§.#.......#... ...#......#
#. #§#.###.#.###.#.#.#.#......#
. ...#.......§§§.#...#........#
#.#.###.##.##J###.#.#.#...<..#
...#........§§J@§..#...#......#
#.#
###.###.#§###§###.#.#..<...# ..
............[(...#...(÷...#
#.###.##.##.###.###.#......#
.....................#......#
.###.###.#.###.###.###......#
...........................#
...........................#
...........................#


You could see a very large slime creature and a slime creature.

Vanquished Creatures
  A boulder beetle (D:12)
  2 two-headed ogres (D:10)
  2 manticores (D:12)
  A deep elf pyromancer (D:11)
  An orc knight (D:12)
  3 cyclopes (D:12)
  An elephant (D:9)
  Maggie (D:7)
  A komodo dragon (D:9)
  A freezing wraith (D:11)
  2 kobold demonologists
  A troll (D:11)
  3 hornets
  A shadow (D:11)
  3 wyverns
  2 wraiths (D:10)
  6 slime creatures (D:12)
  4 fire bats (D:9)
  Eustachio (D:5)
  9 yaks
  2 steam dragons
  A fire elemental (D:9)
  2 vampire mosquitoes (D:11)
  A hell hound (D:9)
  3 acid dragons
  A meliai simulacrum (D:12)
  4 water moccasins
  8 orc warriors
  2 ice beasts
  2 sky beasts (D:6)
  3 ogres
  A boggart (D:12)
  3 centaurs
  9 kobold brigands
  10 bullfrogs
  3 scorpions
  8 wights
  11 killer bees
  3 howler monkeys (D:7)
  An electric eel (D:9)
  2 lava snakes (D:9)
  A bombardier beetle (D:5)
  2 jellies
  10 orc priests
  Crazy Yiuf (D:6)
  3 hounds
  2 gnoll boudas
  3 iguanas
  16 orc wizards
  12 gnolls
  3 adders
  2 shadow imps
  A white imp (D:6)
  4 ufetubi
  2 dart slugs
  A ribbon worm (D:4)
  62 orcs
  3 bats (D:1)
  9 endoplasms
  2 giant cockroaches
  7 goblins
  5 hobgoblins
  6 jackals
  4 quokkas
  6 ball pythons
  9 frilled lizards
  20 kobolds
  2 rats (D:3)
324 creatures vanquished.

Notes
Turn   | Place    | Note
-------+----------+-------------------------------------------
     0 | D:1      | Kel the Gargoyle Berserker began the quest for the Orb.
     0 | D:1      | Reached XP level 1. HP: 14/14 MP: 1/1
   233 | D:1      | Reached XP level 2. HP: 19/19 MP: 2/2
   499 | D:1      | Reached XP level 3. HP: 22/23 MP: 3/3
  1036 | D:2      | Reached ** piety under Trog
  1637 | D:3      | Reached XP level 4. HP: 29/29 MP: 4/4
  1789 | D:3      | Found a faded altar of an unknown god.
  2071 | D:3      | Found an iron altar of Okawaru.
  2072 | D:3      | Found a burning altar of Makhleb.
  2117 | D:3      | Found a runed translucent gate.
  2121 | D:3      | Identified the +4 hand axe "Foygaofe" {flame, rF+ MP+9}
  2126 | D:3      | Found a runed translucent gate.
  2127 | D:3      | Found a runed translucent gate.
  2133 | D:3      | Noticed geeeeen's ghost (amateur GrFE)
  2398 | D:4      | Reached XP level 5. HP: 8/33 MP: 5/5
  2584 | D:4      | Identified the ring "Idwukyep" {Fly rCorr SInv}
  2718 | D:4      | Noticed an ogre
  2724 | D:4      | Killed an ogre
  2725 | D:4      | Reached skill level 5 in Maces & Flails
  2725 | D:4      | Reached XP level 6. HP: 39/39 MP: 6/6
  2869 | D:4      | Found a staircase to the Ecumenical Temple.
  2875 | D:4      | Reached *** piety under Trog
  3007 | D:4      | Found a hide-covered altar of Uskayaw.
  3020 | D:4      | Reached skill level 5 in Fighting
  3114 | D:4      | Reached XP level 7. HP: 36/44 MP: 7/7
  3274 | D:5      | Entered Level 5 of the Dungeon
  3560 | D:5      | Noticed Eustachio
  3584 | D:5      | Killed Eustachio
  3589 | D:5      | Reached skill level 5 in Armour
  3730 | D:5      | Identified the +4 robe of Acaupac {rN+}
  3829 | D:5      | Found an ornate altar of the Wu Jian Council.
  3845 | D:5      | Reached XP level 8. HP: 51/51 MP: 8/8
  4800 | D:6      | Found a runed translucent door.
  4801 | D:6      | Noticed Crazy Yiuf
  4909 | D:6      | Killed Crazy Yiuf
  5116 | D:7      | Reached XP level 9. HP: 42/56 MP: 9/9
  5233 | D:7      | Noticed Maggie
  5247 | D:7      | Killed Maggie
  5398 | D:7      | Found a flagged portal.
  5403 | D:7      | Identified the +3 hand axe of Epires {elec, rElec rC++
                  | Will+ Str-4}
  5409 | Bailey   | Entered a bailey
  5462 | Bailey   | Reached **** piety under Trog
  5555 | Bailey   | Found a burning altar of Makhleb.
  5813 | D:7      | Found a sparkling altar of Nemelex Xobeh.
  5899 | D:7      | Reached skill level 10 in Maces & Flails
  5919 | D:7      | Reached XP level 10. HP: 64/64 MP: 10/10
  6698 | D:8      | Found a snail-covered altar of Cheibriados.
  6859 | D:8      | Identified the +3 sling of Fyzxu {flame, Int+6}
  7045 | D:8      | Found a blossoming altar of Fedhas.
  7060 | D:8      | Found a broken altar of Ashenzari.
  7084 | D:8      | Found a basalt altar of Yredelemnul.
  7183 | D:9      | Reached ***** piety under Trog
  7320 | D:9      | Found a staircase to the Orcish Mines.
  7480 | D:9      | Found a radiant altar of Vehumet.
  7481 | D:9      | Found a sacrificial altar of Ru.
  7581 | D:9      | Reached skill level 10 in Fighting
  7581 | D:9      | Reached XP level 11. HP: 69/72 MP: 11/11
  8279 | D:9      | Found a staircase to the Lair.
  8292 | D:9      | Identified the staff of Accord {Fly rPois Alchemy}
  8379 | D:10     | Entered Level 10 of the Dungeon
  8553 | D:10     | Noticed a two-headed ogre
  8568 | D:10     | Killed a two-headed ogre
  8569 | D:10     | Reached skill level 10 in Armour
  9024 | D:10     | Noticed a two-headed ogre
  9035 | D:10     | Killed a two-headed ogre
  9108 | D:10     | Identified the +5 flail of the Moon {freeze, *Noise Fly
                  | Int-4 Dex+8}
  9510 | D:11     | Noticed a deep elf pyromancer
  9550 | D:11     | Killed a deep elf pyromancer
  9551 | D:11     | Reached skill level 1 in Stealth
  9551 | D:11     | Reached skill level 1 in Shields
  9765 | D:11     | Received a gift from Trog
  9766 | D:11     | Reached XP level 12. HP: 81/81 MP: 12/12
 10277 | D:12     | Noticed a boulder beetle
 10303 | D:12     | Killed a boulder beetle
 10376 | D:12     | Noticed a boulder beetle
 10595 | D:12     | Reached skill level 5 in Stealth
 10866 | D:12     | Reached skill level 5 in Shields
 10903 | D:12     | Slain by a very large slime creature

Illustrated notes

Levels and vault maps discovered:
D:1:      minmay_arrival_cross, layout_basic
D:2:      layout_basic
D:3:      layout_basic, mainiacjoe_overflow_divided_tiny,
          hellmonk_ecumenical_altar_zigzags, biasface_ghost_orc_armoury
D:4:      layout_rooms, kennysheep_mini, minmay_temple_entry_ruins,
          lexackson_kobold_supper
D:5:      layout_loops_ring, nicolae_wu_jian_wuxing_cycle,
          hangedman_abyss_or_decor_passed, uniq_eustachio
D:6:      layout_rooms, uniq_crazy_yiuf_cottage
D:7:      layout_basic, nemelex_dance_club_becter, enter_bailey_2,
          minmay_misc_feat_columns, minivault_11, uniq_maggie
D:8:      layout_basic, nicolae_overflow_hidden_temple, billiards_dpeg
D:9:      layout_irregular_city, nicolae_overflow_two_pavilions,
          grunt_lair_entry_orc_guard_hut, hiddenorc2_lemuel,
          minmay_misc_feat_enclosed, hangedman_incinerator
D:10:     layout_small_grid, hangedman_abyss_or_decor_slice,
          minmay_fractal_squares_5
D:11:     layout_irregular_city
D:12:     minmay_dotted_concentric_squares, layout_irregular_city,
          minmay_diamond_spiral

Skill      XL: |  1  2  3  4  5  6  7  8  9 10 11 12 |
---------------+-------------------------------------+-----
Maces & Flails | 4 5 6 8 10 11 12 | 12.5
Fighting       | 4 5 6 8 10 12 | 12.0
Armour         | 3 4 5 6 7 9 10 | 10.4
Dodging        | 2 4 |  4.3
Stealth        | 2 5 |  5.7
Shields        | 2 5 |  5.1

Action                     |  1- 3 |  4- 6 |  7- 9 | 10-12 || total
---------------------------+-------+-------+-------+-------++-------
  Melee: Mace              |   124 |   153 |   236 |    78 ||   591
         Punch             |       |     1 |     4 |       ||     5
         Morningstar       |       |       |       |   481 ||   481
 Invoke: Berserk           |       |     3 |     6 |    11 ||    20
         Trog's Hand       |       |       |     1 |       ||     1
    Use: Scroll            |       |       |     6 |     5 ||    11
         Potion            |       |       |       |     2 ||     2
   Stab: Invisible         |       |       |       |     1 ||     1
 Armour: Animal skin       |    15 |       |       |       ||    15
         Scale mail        |    60 |    12 |       |       ||    72
         Chain mail        |       |   117 |   218 |       ||   335
         Plate armour      |       |       |   105 |   597 ||   702
  Dodge: Dodged            |    74 |    87 |   206 |   194 ||   561
  Block: Buckler           |       |       |    39 |   108 ||   147
